 Dungeon Crawl Stone Soup version 0.31-a0-664-g902f515a81 (webtiles) character file.

Game seed: 889976139760221010

5135 jlumianski the Grappler (level 10, -6/68 (94) HPs)
             Began as a Troll Earth Elementalist on Sept 2, 2023.
             Was an Elder of Okawaru.
             Mangled by Maurice
             ... wielding a +0 glaive of draining
              (17 damage)
             ... on level 8 of the Dungeon.
             The game lasted 00:41:15 (6768 turns).

jlumianski the Grappler (Troll Earth Elementalist)  Turns: 6768, Time: 00:41:16

HP:   -6/68 (94)    AC: 10    Str: 20    XL:     10   Next: 33%
MP:   4/13          EV: 20    Int: 13    God:    Okawaru [****..]
Gold: 0             SH:  0    Dex: 10    Spells: 12/15 levels left

rFire   + +          .
                       - Unarmed
rCold   + + .        (shield currently unavailable)
rNeg    + + +        d - melded +2 robe {Will+}
rPois   ∞            m - melded +2 hat
rElec   +            e - melded +2 cloak
rCorr   +            (gloves unavailable)
SInv    .            (boots unavailable)
Will    .....        u - melded amulet of faith
Stlth   ++           g - melded ring of flight
HPRegen 1.11/turn    C - melded ring of magical power
MPRegen 0.13/turn

%: no passive effects
@: wisp-form, flying, slowed, very heavily drained, very slow
A: insubstantial, flying, no casting, tiny, unfitting armour, (claws 3),
regeneration 1, (shaggy fur 1), (tough skin 1), (iridescent scales 2)
a: Renounce Religion, Heroism, Finesse


You were on level 8 of the Dungeon.
You worshipped Okawaru.
Okawaru was greatly pleased with you.
You were an insubstantial wisp.
You visited 1 branch of the dungeon, and saw 9 of its levels.

Inventory:

Missiles
 f - 8 curare-tipped darts (quivered)
 r - a throwing net
 t - 4 javelins
 y - 6 boomerangs
Armour
 a - a +0 robe
 d - a +2 robe of willpower (melded)
 e - a +2 cloak (melded)
 m - a +2 hat (melded)
 M - +0 steam dragon scales
 N - a scarf of invisibility
Jewellery
 g - a ring of flight (melded)
 n - a ring of protection from cold
 u - an amulet of faith (melded)
 C - a ring of magical power (melded)
 Q - an amulet of regeneration
Wands
 G - a wand of mindburst (9)
 L - a wand of iceblast (1)
Scrolls
 h - a scroll of enchant weapon
 l - 2 scrolls of amnesia
 o - a scroll of poison {unknown}
 p - a scroll of brand weapon {unknown}
 q - a scroll of revelation {unknown}
 s - 2 scrolls of teleportation
 w - a scroll of noise
 D - a scroll of blinking {unknown}
 H - a scroll of torment {unknown}
 J - a scroll of vulnerability {unknown}
 K - a scroll of acquirement {unknown}
 P - a scroll of summoning {unknown}
 R - a scroll of enchant armour
Potions
 b - a potion of magic
 i - a potion of degeneration
 j - 2 potions of curing
 k - 2 potions of enlightenment
 v - 2 potions of invisibility
 x - 2 potions of might
 z - a potion of heal wounds {unknown}
 A - 3 potions of mutation
 B - 2 potions of haste
 E - a potion of ambrosia {unknown}
 O - a potion of attraction {unknown}


   Skills:
 * Level 4.4 Fighting
 + Level 1.1 Throwing
 + Level 4.3 Dodging
 + Level 2.4 Stealth
 * Level 10.4 Unarmed Combat
 * Level 3.0 Spellcasting
 + Level 0.6 Transmutations
 * Level 4.4 Earth Magic
 * Level 3.5 Invocations
 * Level 0.7 Evocations


You had 12 spell levels left.
You knew the following spells:

 Your Spells              Type           Power      Damage    Failure   Level
a - Sandblast             Erth           26%        2d8       3%          1
b - Passwall              Tmut/Erth      6%         N/A       12%         2

Your spell library contained the following spells:

 Spells                   Type           Power      Damage    Failure   Level
 Apportation              Tloc           4%         N/A       22%         1
 Necrotise                Necr           8%         1d4       22%         1
 Stone Arrow              Conj/Erth      14%        3d7       26%         3
 Ensorcelled Hibernation  Hex/Ice        4%         N/A       34%         2
 Swiftness                Air            2%         N/A       56%         3
 Petrify                  Tmut/Erth      8%         N/A       63%         4
 Anguish                  Hex/Necr       1%         N/A       92%         4
 Alistair's Intoxication  Tmut/Pois      1%         N/A       99%         5
 Summon Small Mammal      Summ           Unusable   N/A       N/A         1

Dungeon Overview and Level Annotations

Branches:
Dungeon (9/15)             Temple (0/1) D:5
   Lair: D:8-11         Orc: D:9-12

Altars:
Ashenzari
Cheibriados
Hepliaklqana
Makhleb
Okawaru
Uskayaw
Vehumet
Xom

Shops:
D:8 (

Annotations:
D:4 3 runed translucent doors, Mightysalt's ghost, amateur TrGl
D:8 Maurice


Innate Abilities, Weirdness & Mutations

You are an insubstantial wisp.
Your tiny insubstantial body is highly resistant to most damage types.
You are flying.
Your equipment is entirely melded.
You are incapable of wielding weapons or throwing items.
You cannot cast spells.
You are too large for most types of armour.
((You have claws for hands.))
Your natural rate of healing is unusually fast.
((You are covered in fur. (AC +1)))
((You have tough skin. (AC +1)))
((You are mostly covered in iridescent scales. (AC +4)))


Message History

You feel drained. Something blocks your attack.
Your claw misses something. Something hits you but does no damage.
You feel drained. Something blocks your attack. Something hits you.
Something groans, "What are you, a monk?"
You feel drained. Something blocks your attack.
You claw something!
You hear some strange, mumbled words.
A curare-tipped dart appears from out of thin air!
The curare-tipped dart hits you.
You are poisoned.
You have difficulty breathing.
You feel as though you will be slow longer.
You feel very sick.
You hear a zap.
Something tries to affect you, but you resist.
Something hits you but does no damage.
You feel drained. Something blocks your attack.
You feel sick. Something hits you.
* * * LOW HITPOINT WARNING * * *
Something groans, "What are you, a monk?"
You feel drained. Something blocks your attack.
Your claw misses something.
You feel sick. Something hits you.
* * * LOW HITPOINT WARNING * * *
Something mutters, "Now where did you hide it?"
You feel drained.
You feel better.
You hear a zap.
You turn into an insubstantial wisp.
Your +2 cloak melds into your body.
Your +2 hat melds into your body.
Your +2 robe of willpower melds into your body.
Your ring of flight melds into your body.
Your ring of magical power melds into your body.
Your amulet of faith melds into your body.
You feel less strong-willed.
You float gracefully downwards.
You feel your magic capacity decrease. Something hits you!
* * * LOW HITPOINT WARNING * * *
Something mutters, "Now where did you hide it?"
Something blocks your attack. Something hits you!
You die...

..........#...#....#####.# #.#
#. ..........#...##+#'#.....#
#.# #.
..........#...##.......#####.#
#.
..........'....#.......'.....#
##
........>.#.[.###......########
.......................'.......
...####.....[..........########
.######................#
......'.........v......#
#######........{.......#
#...............#######
#...............#######
#......................
##............##........
........................
........................
########......##.......#
#######


There were no monsters in sight!

Vanquished Creatures
  A two-headed ogre (D:8)
  Pikel (D:4)
  Maggie (D:8)
  A gargoyle (D:7)
  Psyche (D:7)
  A kobold demonologist (D:8)
  Grinder (D:3)
  Sigmund (D:3)
  A wyvern (D:7)
  Duvessa (D:7)
  Menkaure (D:5)
  A water moccasin (D:8)
  2 black bears
  2 ice beasts
  2 centaurs
  Blork the orc (D:4)
  A bullfrog (D:7)
  A gnoll sergeant (D:5)
  2 scorpions
  4 wights
  Dowan (D:7)
  6 killer bees
  3 howler monkeys (D:8)
  2 orc priests
  A gnoll bouda (D:8)
  4 hounds
  A jelly (D:5)
  A sleepcap (D:4)
  Terence (D:1)
  2 iguanas (D:6)
  4 orc wizards
  11 gnolls
  5 adders
  2 shadow imps (D:7)
  A white imp (D:6)
  An ufetubus (D:6)
  2 worms
  3 dart slugs
  17 orcs
  7 ball pythons
  2 bats
  6 endoplasms
  A giant cockroach (D:2)
  5 goblins
  8 hobgoblins
  3 jackals (D:1)
  3 frilled lizards
  8 kobolds
  5 rats
143 creatures vanquished.

Notes
Turn   | Place    | Note
-------+----------+-------------------------------------------
     0 | D:1      | jlumianski the Troll Earth Elementalist began the quest for
                  | the Orb.
     0 | D:1      | Reached XP level 1. HP: 16/16 MP: 1/1
   221 | D:1      | Reached XP level 2. HP: 26/26 MP: 2/2
   229 | D:1      | You are sucked into a shaft and drop 1 floor!
   278 | D:2      | Noticed Terence
   314 | D:1      | Killed Terence
   315 | D:1      | Reached skill level 1 in Fighting
   315 | D:1      | Reached skill level 1 in Unarmed Combat
   315 | D:1      | Reached XP level 3. HP: 28/33 MP: 1/4
   838 | D:2      | Reached XP level 4. HP: 37/41 MP: 3/5
   903 | D:2      | Found a shimmering altar of Xom.
  1342 | D:2      | Reached skill level 2 in Unarmed Combat
  1428 | D:3      | Noticed Sigmund
  1506 | D:3      | Found a faded altar of an unknown god.
  1510 | D:3      | Found a broken altar of Ashenzari.
  1651 | D:4      | Noticed a black bear
  1718 | D:4      | Reached XP level 5. HP: 48/48 MP: 6/6
  1816 | D:3      | Killed Sigmund
  1817 | D:3      | Reached skill level 3 in Unarmed Combat
  1817 | D:3      | Reached XP level 6. HP: 57/57 MP: 5/7
  2094 | D:4      | Noticed Grinder
  2095 | D:4      | Noticed Blork the orc
  2112 | D:3      | Killed Grinder
  2113 | D:3      | Reached skill level 4 in Unarmed Combat
  2113 | D:3      | Reached XP level 7. HP: 64/66 MP: 6/9
  2157 | D:4      | Killed Blork the orc
  2175 | D:4      | Found a hazy altar of Hepliaklqana.
  2199 | D:4      | Noticed Pikel
  2214 | D:4      | Killed Pikel
  2215 | D:4      | Reached skill level 1 in Throwing
  2215 | D:4      | Reached skill level 6 in Unarmed Combat
  2215 | D:4      | Reached XP level 8. HP: 13/74 MP: 10/10
  2274 | D:4      | Found an iron altar of Okawaru.
  2287 | D:4      | Became a worshipper of Warmaster Okawaru
  2524 | D:5      | Entered Level 5 of the Dungeon
  2544 | D:4      | Found a runed translucent gate.
  2545 | D:4      | Found a runed translucent gate.
  2576 | D:4      | Found a runed translucent gate.
  2581 | D:4      | Noticed Mightysalt's ghost (amateur TrGl)
  3097 | D:5      | Noticed Menkaure
  3109 | D:5      | Killed Menkaure
  3109 | D:5      | Reached * piety under Okawaru
  3395 | D:6      | Reached skill level 1 in Invocations
  3539 | D:5      | Reached skill level 7 in Unarmed Combat
  3661 | D:5      | Found a staircase to the Ecumenical Temple.
  3721 | D:5      | Gained mutation: You are partially covered in iridescent
                  | scales. (AC +2) [potion of mutation]
  3721 | D:5      | Gained mutation: You are mostly covered in iridescent
                  | scales. (AC +4) [potion of mutation]
  4093 | D:6      | Found a hide-covered altar of Uskayaw.
  4237 | D:6      | Found a snail-covered altar of Cheibriados.
  4946 | D:6      | Reached ** piety under Okawaru
  4947 | D:6      | Reached XP level 9. HP: 77/83 MP: 12/12
  4950 | D:6      | Learned a level 2 spell: Passwall
  5186 | D:7      | Found a burning altar of Makhleb.
  5510 | D:8      | Found Opagehup's Antique Weapon Boutique.
  5553 | D:7      | Noticed a gargoyle
  5592 | D:6      | Reached skill level 8 in Unarmed Combat
  5628 | D:7      | Killed a gargoyle
  5691 | D:7      | Noticed Duvessa
  5692 | D:7      | Noticed Dowan
  5715 | D:7      | Killed Duvessa
  5727 | D:7      | Killed Dowan
  5903 | D:8      | Noticed Maggie
  5959 | D:7      | Reached *** piety under Okawaru
  5995 | D:7      | Reached skill level 9 in Unarmed Combat
  6015 | D:8      | Killed Maggie
  6069 | D:8      | Noticed Psyche
  6124 | D:7      | Killed Psyche
  6125 | D:7      | Reached XP level 10. HP: 83/93 MP: 13/13
  6235 | D:8      | Reached skill level 10 in Unarmed Combat
  6280 | D:8      | Noticed a two-headed ogre
  6287 | D:8      | Killed a two-headed ogre
  6287 | D:8      | Reached **** piety under Okawaru
  6622 | D:9      | Found a radiant altar of Vehumet.
  6733 | D:8      | Noticed Maurice
  6768 | D:8      | Mangled by Maurice

Illustrated notes

Levels and vault maps discovered:
D:1:      eino_arrival_water_cross, layout_rooms
D:2:      layout_rooms, basic_altar, item_on_display_a, uniq_terence
D:3:      layout_loops_cross, amcnicky_altar_gilded,
          shapermc_ecumenical_altar_venn, chequers_jeans, uniq_sigmund
D:4:      layout_cave_pools, okawaru_gym_becter,
          nicolae_hepliaklqana_hazy_memory, gammafunk_ghost_split,
          uniq_blork_the_orc, uniq_grinder, uniq_pikel
D:5:      layout_loops_ring, minmay_temple_entry_grid, supply_closet_lemuel,
          nicolae_concentric_dashed_squares_mild, uniq_menkaure
D:6:      layout_loops_corners, old_standard_altar, lemuel_doored_altar,
          minmay_crossroads
D:7:      layout_rooms, mainiacjoe_overflow_brackets, uniq_duvessa
D:8:      layout_basic, nicolae_stop_n_shop_1, uniq_psyche, uniq_maggie,
          uniq_maurice
D:9:      layout_basic, fiery_altar_vehumet, gammafunk_temple_overflow_forgotten

Skill      XL: |  1  2  3  4  5  6  7  8  9 10 |
---------------+-------------------------------+-----
Fighting       | 1 2 3 4 |  4.4
Unarmed Combat | 1 2 3 4 6 7 9 10 | 10.4
Earth Magic    | 3 4 |  4.4
Dodging        | 2 3 4 |  4.3
Spellcasting   | 2 3 |  3.0
Throwing       | 1 |  1.1
Stealth        | 2 |  2.4
Invocations    | 1 3 |  3.5
Transmutations | |  0.6
Evocations     | |  0.7

Action                     |  1- 3 |  4- 6 |  7- 9 | 10-12 || total
---------------------------+-------+-------+-------+-------++-------
  Melee: Unarmed           |    83 |    60 |   264 |    62 ||   469
         Punch             |     1 |     2 |     9 |     4 ||    16
  Throw: Dart              |       |     4 |     3 |       ||     7
   Cast: Sandblast         |    12 |    10 |    22 |     2 ||    46
 Invoke: Heroism           |       |       |     2 |     1 ||     3
    Use: Scroll            |       |     5 |     5 |     1 ||    11
         Potion            |       |       |     3 |     2 ||     5
   Stab: Sleeping          |     1 |     3 |     2 |       ||     6
 Armour: Robe              |    69 |    38 |   269 |    64 ||   440
         Skin              |       |       |       |     2 ||     2
  Dodge: Dodged            |    43 |    19 |   151 |    25 ||   238

Table legend: (Time is in decaauts)
 A = Elapsed time spent in this place.
 B = Non-inter-level travel time spent in this place.
 C = Inter-level travel time spent in this place.
 D = Time resting spent in this place.
 E = Time spent auto-exploring this place.
 F = Levels seen in this place.
 G = Mean time per level.
                   A        B        C        D        E       F      G
               +--------+--------+--------+--------+--------+-----+--------+
         Total |   6761 |   6606 |    155 |    494 |   3387 |   9 |  751.2 |
       Dungeon |   6761 |   6606 |    155 |    494 |   3387 |   9 |  751.2 |
               +--------+--------+--------+--------+--------+-----+--------+

Top non-repeatable levels by time:
     D:6: 1200 daAuts
     D:5: 1061 daAuts
     D:8: 862 daAuts
     D:3: 781 daAuts
     D:7: 780 daAuts
     D:4: 731 daAuts
     D:2: 686 daAuts
     D:1: 654 daAuts
     D:9: 3 daAuts
